 Dungeon Crawl Stone Soup version 0.28-a0-1616-g050a50673c (webtiles) character file.

Game seed: 11024482275004320869

2695 grumblor the Skirmisher (level 9, -17/69 HPs)
             Began as a Mummy Fighter on Jan 23, 2022.
             Was an Initiate of Gozag.
             Demolished by Joseph (18 damage)
             ... on level 7 of the Dungeon.
             The game lasted 00:13:38 (12460 turns).

grumblor the Skirmisher (Mummy Fighter)            Turns: 12460, Time: 00:13:39

Health: -17/69     AC: 12    Str: 23    XL:     9   Next: 38%
Magic:  9/9        EV:  9    Int:  7    God:    Gozag
Gold:   741        SH:  0    Dex: 12    Spells: 8/8 levels left

rFire   x . .      SeeInvis .   a - +0 war axe
rCold   + . .      Faith    .   e - +0 tower shield
rNeg    + + +      Spirit   .   n - +0 chain mail
rPois   ∞          Reflect  .   d - +0 helmet
rElec   .          Harm     .   (no cloak)
rCorr   +          Rampage  .   m - +0 pair of gloves
Will    +....                   r - +0 pair of boots
Stlth   ..........              k - amulet of the acrobat
HPRegen 0.21/turn               g - ring of resist corrosion
MPRegen 0.11/turn               q - +4 ring of evasion

@: confused
A: cold resistance 1, negative energy resistance 3, torment resistance 2, heat
vulnerability 1, no potions
a: Renounce Religion, Potion Petition, Call Merchant, Bribe Branch


You were on level 7 of the Dungeon.
You worshipped Gozag.
Gozag was pleased with you.
You visited 2 branches of the dungeon, and saw 8 of its levels.
You also visited: Sewer.

You collected 812 gold pieces.
You paid 71 gold pieces to Gozag.

Inventory:

Hand Weapons
 a - a +0 war axe (weapon)
Missiles
 h - 10 poisoned darts (quivered)
 l - 2 throwing nets
Armour
 d - a +0 helmet (worn)
 e - a +0 tower shield (worn)
 m - a +0 pair of gloves (worn)
 n - a +0 chain mail (worn)
 r - a +0 pair of boots (worn)
Jewellery
 g - a ring of resist corrosion (left hand)
 k - an amulet of the acrobat (around neck)
 q - a +4 ring of evasion (right hand)
Wands
 b - a wand of iceblast (4)
 o - a wand of acid (4)
 p - a wand of flame (28)
Scrolls
 c - 2 scrolls of teleportation
 f - a scroll of identify
 i - 4 scrolls of enchant armour
 j - a scroll of torment
 s - a scroll of fear


   Skills:
 * Level 6.1 Fighting
 + Level 5.4 Axes
 - Level 2.0 Throwing
 + Level 4.0 Armour
 * Level 3.2 Dodging
 * Level 5.9 Shields
 * Level 3.1 Evocations


You had 8 spell levels left.
You didn't know any spells.
Your spell library contained the following spells:

 Spells                   Type           Power      Damage    Failure   Level
 Conjure Flame            Conj/Fire      0%         6-21      100%        3
 Dazzling Flash           Conj/Hex       0%         N/A       100%        3
 Frozen Ramparts          Ice            0%         1d2       100%        3
 Ignite Poison            Fire/Tmut/Pois 0%         N/A       100%        3
 Iskenderun's Mystic Bla  Conj/Tloc      0%         2d3       100%        4
 Sticky Flame             Conj/Fire      0%         2d3       100%        4
 Summon Ice Beast         Ice/Summ       0%         N/A       100%        4
 Starburst                Conj/Fire      0%         6d3       100%        6
 Ice Form                 Ice/Tmut       Unusable   N/A       N/A         4

Dungeon Overview and Level Annotations

Branches:
Dungeon (7/15)             Temple (1/1) D:5           Sewer (visited)

Altars:
Ashenzari
Dithmenos
Elyvilon
Gozag
Hepliaklqana
Kikubaaqudgha
Makhleb
Nemelex Xobeh
Okawaru
Qazlal
Ru
Trog
Xom
Zin

Shops:
D:1 *   D:5 *:

Annotations:
D:7 Joseph


Innate Abilities, Weirdness & Mutations

You are immune to poison.
Your flesh is cold resistant. (rC+)
You are immune to negative energy. (rN+++)
You are immune to unholy pain and torment.
You are vulnerable to heat. (rF-)
You do not drink.


Message History

Joseph zaps a wand.
You resist with almost no effort. Joseph hits you with a +0 quarterstaff.
You closely miss Joseph.
Joseph is moderately wounded.
Joseph zaps a wand.
Your will is overpowered!
You are confused.
Joseph zaps a wand.
Your will is overpowered!
You are more confused.
You hit Joseph.
Joseph is heavily wounded.
Joseph barely misses you.
You bump into the rock wall.
Joseph completely misses you.
You bump into the rock wall.
Joseph zaps a wand.
You resist with almost no effort.
You slash Joseph!
Joseph is heavily wounded.
Joseph hits you but does no damage. Joseph hits you with a +0 quarterstaff!
You bump into the rock wall.
Joseph hits you with a +0 quarterstaff!
You closely miss Joseph.
Joseph is heavily wounded.
Joseph hits you with a +0 quarterstaff.
* * * LOW HITPOINT WARNING * * *
Joseph barely misses you.
You slash Joseph!
Joseph is almost dead.
Joseph hits you with a +0 quarterstaff!
* * * LOW HITPOINT WARNING * * *
You are too confused!
Joseph is nearby!
Unknown command.
You can't drink.
You are too confused!
Unknown command.
You hit Joseph but do no damage.
Joseph is almost dead.
Joseph hits you with a +0 quarterstaff.
* * * LOW HITPOINT WARNING * * *
Joseph hits you with a +0 quarterstaff!!
You die...
Your body crumbles into a pile of gold.

.......
.....
.....
..( ...
#.# #@#
#@#
##.#
#..#
#.##
#.# #.
#.# #.#
#.# #.#
#.# #.#
#.#


You could see Joseph.

Vanquished Creatures
  A two-headed ogre (D:6)
  Eustachio (D:6)
  A water moccasin (D:6)
  A black bear (D:5)
  An ice beast (D:7)
  A sky beast (D:6)
  A necrophage (D:5)
  2 ogres
  2 phantoms (D:6)
  2 scorpions (D:5)
  A wyvern skeleton (D:6)
  5 wights (D:6)
  A howler monkey (D:6)
  A centaur zombie (D:6)
  2 bullfrog skeletons
  3 hounds
  2 jellies
  A gnoll shaman (D:4)
  3 iguanas
  A killer bee zombie (D:6)
  A hound skeleton (D:4)
  13 gnolls
  5 river rats (Sewer)
  10 adders
  A white imp (D:6)
  2 adder skeletons
  An adder zombie (D:3)
  2 worms (Sewer)
  A dart slug (D:2)
  14 orcs
  10 bats
  5 giant cockroaches
  4 goblins
  7 hobgoblins
  A jackal (Sewer)
  7 kobolds
  4 quokkas
  15 ball pythons
  4 frilled lizards
  6 rats
146 creatures vanquished.

Vanquished Creatures (others)
  5 plants (D:5)
5 creatures vanquished.

Grand Total: 151 creatures vanquished

Notes
Turn   | Place    | Note
-------+----------+-------------------------------------------
     0 | D:1      | grumblor the Mummy Fighter began the quest for the Orb.
     0 | D:1      | Reached XP level 1. HP: 18/18 MP: 1/1
   172 | D:1      | Found Kyedutut's Assorted Antiques.
   779 | D:1      | Reached XP level 2. HP: 20/24 MP: 2/2
  1017 | D:1      | Found a faded altar of an unknown god.
  1339 | D:2      | Reached XP level 3. HP: 24/30 MP: 3/3
  1461 | D:2      | Found a burning altar of Makhleb.
  2499 | D:3      | Reached XP level 4. HP: 37/37 MP: 4/4
  2903 | D:4      | Reached skill level 4 in Fighting
  3011 | D:4      | Reached skill level 1 in Dodging
  3685 | D:4      | Reached skill level 1 in Throwing
  3685 | D:4      | Reached XP level 5. HP: 29/42 MP: 5/5
  4903 | D:5      | Entered Level 5 of the Dungeon
  4923 | D:5      | Reached XP level 6. HP: 42/48 MP: 6/6
  6679 | D:5      | Found a broken altar of Ashenzari.
  6863 | D:5      | Found Kekioc's Mayhem Merchandise.
  6902 | D:5      | Reached XP level 7. HP: 55/55 MP: 7/7
  7026 | D:5      | Found Zuofaipn's Self-Improvement Boutique.
  7188 | D:5      | Reached skill level 1 in Evocations
  7583 | D:5      | Found a staircase to the Ecumenical Temple.
  7846 | Temple   | Entered the Ecumenical Temple
  7990 | Temple   | Became a worshipper of Gozag Ym Sagoz the Greedy
  8471 | D:6      | Reached skill level 5 in Fighting
  8471 | D:6      | Reached XP level 8. HP: 13/62 MP: 8/8
  8499 | D:6      | Found a glowing drain.
  8601 | Sewer    | Entered a sewer
 10283 | D:6      | Noticed Eustachio
 10305 | D:6      | Killed Eustachio
 10306 | D:6      | Reached skill level 5 in Shields
 10793 | D:6      | Noticed a two-headed ogre
 11421 | D:6      | Reached skill level 5 in Axes
 11597 | D:6      | Killed a two-headed ogre
 11598 | D:6      | Reached skill level 6 in Fighting
 11598 | D:6      | Reached XP level 9. HP: 36/69 MP: 9/9
 12441 | D:7      | Noticed Joseph
 12460 | D:7      | HP: 1/69 [Joseph (5)]
 12460 | D:7      | Demolished by Joseph

Illustrated notes

Levels and vault maps discovered:
D:1:      scummos_arrival_star, layout_basic,
          shapermc_ecumenical_altar_acropolis, serial_shops, shop
D:2:      layout_rooms, basic_altar, st_stairs_1, minmay_misc_feat_rows
D:3:      wad_crossroads, layout_basic, kennysheep_generic_room_13
D:4:      layout_basic, corexii_leaking_fountain
D:5:      layout_loops_ring, marbit_many_paths, minmay_temple_entry_overgrown,
          serial_co_window_serial, co_window_corner_a, co_window_paths_b,
          co_window_of_opportunity_a, co_window_paths_a, co_window_paths_a,
          co_window_corner_cb, co_window_broadway_b, co_window_corner_ca,
          co_window_paths_e, glass_columns_a, glass_columns_b, glass_columns_b,
          glass_columns_a, glass_columns_a, serial_park_tiny_1,
          minmay_shop_mayhem, nicolae_shop_self_help
D:6:      layout_loops_corners, cheibrodos_sewer_entry_sluice, uniq_eustachio
D:7:      minmay_chambers_of_fours, layout_loops_ring, uniq_joseph
Temple:   dpeg_five_rooms_temple

Skill      XL: |  1  2  3  4  5  6  7  8  9 |
---------------+----------------------------+-----
Axes           | 2 3 4 5 |  5.4
Fighting       | 4 5 6 |  6.1
Dodging        | 1 2 3 |  3.2
Throwing       | 1 2 |  2.0
Shields        | 3 4 5 |  5.9
Evocations     | 1 2 3 |  3.1
Armour         | 3 4 |  4.0

Action                   |  1- 3 |  4- 6 |  7- 9 || total
-------------------------+-------+-------+-------++-------
Melee: War axe           |   121 |   132 |   376 ||   629
Throw: Dart              |       |     7 |     7 ||    14
Evoke: Wand              |       |       |     9 ||     9
  Use: Scroll            |     6 |     4 |     2 ||    12
 Stab: Distracted        |       |       |     1 ||     1
Armor: Scale mail        |    63 |    57 |       ||   120
       Chain mail        |       |       |   227 ||   227
Dodge: Dodged            |    52 |    48 |   125 ||   225
Block: Buckler           |    23 |       |       ||    23
       Tower shield      |    29 |   122 |   353 ||   504

Table legend: (Time is in decaauts)
 A = Elapsed time spent in this place.
 B = Non-inter-level travel time spent in this place.
 C = Inter-level travel time spent in this place.
 D = Time resting spent in this place.
 E = Time spent auto-exploring this place.
 F = Levels seen in this place.
 G = Mean time per level.
                   A        B        C        D        E       F      G
               +--------+--------+--------+--------+--------+-----+--------+
         Total |  13059 |  12609 |    450 |   4367 |   6204 |   9 | 1451.0 |
       Dungeon |  11240 |  10875 |    365 |   3751 |   5454 |   7 | 1605.7 |
        Temple |    196 |    112 |     84 |      0 |    104 |   1 |  196.0 |
         Sewer |   1622 |   1622 |      0 |    616 |    645 |   1 | 1622.0 |
               +--------+--------+--------+--------+--------+-----+--------+

Top non-repeatable levels by time:
     D:4: 3137 daAuts
     D:6: 2736 daAuts
     D:5: 2242 daAuts
   Sewer: 1622 daAuts
     D:1: 1065 daAuts
     D:2: 1008 daAuts
     D:3: 904 daAuts
  Temple: 196 daAuts
     D:7: 145 daAuts
